 Dungeon Crawl Stone Soup version 0.18-a0-1166-g6e2d2a0 (webtiles) character file.

568 Reinor the Covert (level 7, -8/46 HPs)
             Began as a Vampire Enchanter on Jan 26, 2016.
             Was an Initiate of Ashenzari.
             Mangled by crawlian's ghost (9 damage)
             ... on level 4 of the Dungeon.
             The game lasted 00:17:33 (4153 turns).

Reinor the Covert (Vampire Enchanter)               Turns: 4153, Time: 00:17:34

Health: -8/46      AC:  0    Str:  2    XL:     7   Next: 11%
Magic:  9/11       EV: 20    Int: 20    God:    Ashenzari [......]
Gold:   277        SH:  0    Dex: 19    Spells: 4 memorised, 2 levels left

rFire  . . .     SeeInvis +     (weapon currently unavailable)
rCold  . . .     Gourm    .     (armour currently unavailable)
rNeg   + . .     Faith    .     (shield currently unavailable)
rPois  .         Spirit   .     (helmet currently unavailable)
rElec  .         Dismiss  .     (cloak currently unavailable)
rCorr  .         Reflect  .     (gloves currently unavailable)
SustAt .         Harm     .     (boots currently unavailable)
MR     .....                    (no amulet)
Stlth  +++++.....               (ring currently unavailable)
                                (ring currently unavailable)

@: exhausted, bat-form, flying, slowed, quick, not resistant to hostile
enchantments, quite stealthy
A: fangs 3, see invisible, (unbreathing)
a: End Transformation, Renounce Religion


You were on level 4 of the Dungeon.
You worshipped Ashenzari.
Ashenzari was noncommittal.
You were not thirsty.
You were in vampire-bat-form.
You visited 1 branch of the dungeon, and saw 4 of its levels.

You collected 277 gold pieces.

Inventory:

Hand Weapons
 i - a +1 dagger of freezing (melded)
 k - a +0 blowgun
Missiles
 p - 10 poisoned needles
Armour
 l - a +0 pair of boots (melded)
 t - a cursed +0 helmet (melded)
 v - a +2 robe of cold resistance (melded)
Magical Staves
 j - an uncursed staff of air
Wands
 b - a wand of flame (1/48)
Scrolls
 e - a scroll of remove curse
 g - 3 scrolls of fog
 h - a scroll of immolation
 q - 2 scrolls of teleportation
 s - a scroll of enchant armour
 w - a scroll of fear
Potions
 a - 2 potions of agility
 f - 3 potions of curing
 m - 2 potions of cancellation
 n - a potion of might
 o - a potion of cure mutation {unknown}
 r - a potion of heal wounds {unknown}
 u - a potion of berserk rage
Books
 c - a book of Maledictions

   Spells                             Type                      Level
   a - Corona                         Hexes                        1
   b - Ensorcelled Hibernation        Hexes/Ice                    2
   c - Confuse                        Hexes                        3
   d - Tukima's Dance                 Hexes                        3
   e - Dazzling Spray                 Conjuration/Hexes            3
 x - a book of Callings

   Spells                             Type                      Level
   a - Summon Small Mammal            Summoning                    1
   b - Call Imp                       Summoning                    2
   c - Call Canine Familiar           Summoning                    3
   d - Summon Guardian Golem          Hexes/Summoning              3
   e - Summon Lightning Spire         Summoning/Air                4
   f - Summon Ice Beast               Ice/Summoning                4


   Skills:
 - Level 6.0 Short Blades
 - Level 2.1 Dodging
 - Level 8.3 Stealth
 + Level 2.9 Spellcasting
 - Level 4.4 Hexes
 - Level 1.0 Ice Magic


You had 2 spell levels left.
You knew the following spells:

 Your Spells              Type           Power        Failure   Level  Hunger
a - Corona                Hex            ###....      2%          1    None
b - Ensorcelled Hibernat  Hex/Ice        ##....       10%         2    ##.....
c - Tukima's Dance        Hex            ###.....     10%         3    ###....
d - Confuse               Hex            ###.....     10%         3    ###....


Dungeon Overview and Level Annotations

Branches:
Dungeon (4/15)
 Temple: D:4-7

Altars:
Ashenzari
Makhleb
Pakellas
Vehumet

Annotations:
D:3 crawlian's ghost, weakling OgHu
D:4 crawlian's ghost, amateur DrTm


Innate Abilities, Weirdness & Mutations

You have razor-sharp teeth.
You have supernaturally acute eyesight.
((You can survive without breathing.))


Message History

Your cursed +0 helmet unmelds from your body.
Your +0 pair of boots unmelds from your body.
Your +2 robe of cold resistance unmelds from your body.
It glows with a cold blue light!
You feel resistant to cold. Crawlian's ghost hits you!
* * * LOW HITPOINT WARNING * * *
Crawlian's ghost hits you.
* * * LOW HITPOINT WARNING * * *
You open the door. Crawlian's ghost hits you.
* * * LOW HITPOINT WARNING * * *
You turn into a vampire bat.
Your +1 dagger of freezing melds into your body.
Your cursed +0 helmet melds into your body.
Your +0 pair of boots melds into your body.
Your +2 robe of cold resistance melds into your body.
Your +1 dagger of freezing stops glowing.
You feel less resistant to cold. Crawlian's ghost hits you.
* * * LOW HITPOINT WARNING * * *
Crawlian's ghost hits you!
You die...

..# #.......##....#####..........
..# #.......##....#####..........
..# #.......####'#.....#'########
..# #..?....# #.#.....#.#
..###.......# #.#.....#.#
.....#####'## #.#....)#.# .....#
#..# #.#.....#.### .....######.##
#W#.....#..(# .....'...##..#
#b#.....###.######
.....###.###.###'#.....# #.......
##...# #.# #.##........##########
##...###'###.##................#
##...##....#..#................##
#######...)##)#................'.
# #....##.#................## #
#....##.#........(.......# #
#....##..................#


You could see crawlian's ghost.

Vanquished Creatures
  A giant frog (D:3)
  A scorpion (D:3)
  A crimson imp (D:3)
  3 hounds (D:4)
  An orc priest (D:4)
  2 orc wizards
  Ijyb (D:3)
  An iguana (D:4)
  3 worker ants (D:4)
  2 adders
  An ooze (D:2)
  A worm (D:3)
  3 giant geckos
  4 orcs
  A ball python (D:1)
  9 bats
  2 giant cockroaches
  17 goblins
  8 hobgoblins
  10 jackals (D:1)
  8 kobolds
  A giant gecko skeleton (D:4)
  2 giant newts
  A quokka skeleton (D:4)
  2 rats
86 creatures vanquished.

Vanquished Creatures (collateral kills)
  Robin (D:3)
1 creature vanquished.

Vanquished Creatures (others)
  A dancing weapon (D:3)
1 creature vanquished.

Grand Total: 88 creatures vanquished

Notes
Turn   | Place    | Note
--------------------------------------------------------------
     0 | D:1      | Reinor the Vampire Enchanter began the quest for the Orb.
     0 | D:1      | Reached XP level 1. HP: 13/13 MP: 3/3
   128 | D:1      | Reached XP level 2. HP: 19/19 MP: 5/5
   134 | D:1      | Learned a level 2 spell: Ensorcelled Hibernation
   418 | D:1      | Reached XP level 3. HP: 21/24 MP: 6/6
   439 | D:1      | Reached skill level 1 in Ice Magic
   771 | D:1      | You fall through a shaft!
  1254 | D:2      | Learned a level 3 spell: Tukima's Dance
  1375 | D:2      | Found a shattered altar of Ashenzari.
  1382 | D:2      | Became a worshipper of Ashenzari the Shackled
  1581 | D:3      | Noticed a scorpion
  1588 | D:3      | Killed a scorpion
  1588 | D:3      | Reached XP level 4. HP: 30/30 MP: 4/7
  1644 | D:3      | Noticed crawlian's ghost (weakling OgHu)
  1649 | D:3      | Noticed a giant frog
  1689 | D:3      | Noticed Robin
  2002 | D:3      | Killed a giant frog
  2002 | D:3      | Reached skill level 5 in Short Blades
  2002 | D:3      | Reached XP level 5. HP: 30/35 MP: 3/8
  2108 | D:3      | Found an oddly glowing altar of Pakellas.
  2395 | D:3      | Killed Robin
  2492 | D:3      | Noticed Ijyb
  2845 | D:3      | Reached skill level 6 in Short Blades
  2845 | D:3      | Reached skill level 5 in Stealth
  3036 | D:3      | Killed Ijyb
  3036 | D:3      | Reached XP level 6. HP: 17/41 MP: 0/9
  3133 | D:3      | Found a radiant altar of Vehumet.
  3134 | D:3      | Found a burning altar of Makhleb.
  3265 | D:4      | Learned a level 3 spell: Confuse
  3358 | D:4      | Reached skill level 7 in Stealth
  3455 | D:4      | Reached skill level 8 in Stealth
  3977 | D:4      | Reached XP level 7. HP: 46/46 MP: 7/10
  3998 | D:4      | Noticed crawlian's ghost (amateur DrTm)
  4153 | D:4      | HP: 1/46 [crawlian's ghost (5)]
  4153 | D:4      | Mangled by crawlian's ghost

Vault maps used:
D:1:      minmay_arrival_cross, hangedman_abyss_or_decor_stabs,
          serial_bayou_pond_c
D:2:      lemuel_crystal_altar, minmay_stone_trees_small
D:3:      grunt_temple_overflow_lords_of_destruction, overflow_temple_1_default,
          first_bread, uniq_iyjb, uniq_robin

Action                   |  1- 3 |  4- 6 |  7- 9 || total
-------------------------+-------+-------+-------++-------
Melee: Dagger            |   166 |   229 |    28 ||   423
 Cast: Ensorcelled Hiber |     6 |    15 |     2 ||    23
       Corona            |     2 |     2 |       ||     4
       Tukima's Dance    |       |     3 |       ||     3
 Abil: Bat Form          |       |     5 |     3 ||     8
       End Transformatio |       |     5 |     2 ||     7
  Use: Potion            |     1 |    10 |     6 ||    17
       Scroll            |     7 |     5 |       ||    12
 Stab: Sleeping          |    17 |    10 |     1 ||    28
       Distracted        |       |     1 |       ||     1
